[Event "Israeli Team-ch 2023"]
[Site "Petah Tikva"]
[Date "2023.01.20"]
[Round "3.29"]
[White "Bakalchuk, Johnatan"]
[Black "Oratovsky, Michael"]
[Result "1-0"]
[ECO "A20"]
[WhiteElo "2442"]
[BlackElo "2422"]
[Annotator "TA"]
[PlyCount "133"]
[EventDate "2023.01.13"]
[EventCountry "ISR"]
[SourceTitle "playchess.com"]
[Source "ChessBase"]
[SourceQuality "1"]
[TimeControl "40/5400+30:1800+30"]

1. c4 e5 2. g3 c6 3. a3 Nf6 4. Bg2 d5 5. cxd5 cxd5 6. d4 $1 {[%emt 0:00:29] A20: English Opening: 1...e5.} e4 7. Nc3 Bd6 8. Bg5 {[%emt 0:09:53] Threatens to win with Bxf6. White has an edge.} Nbd7 9. Qa4 Qb6 10. Qb5 {[%emt 0:04:59] [#]} Qxb5 $146 (10... Qxd4 11. Rd1 Qb6 12. Bxf6 gxf6 13. Rxd5 $16 (13. Qxd5 Qxb2 14. Nxe4 Be7 $14)) ({Predecessor:} 10... O-O 11. e3 h6 12. Qxb6 axb6 13. Bf4 Bxf4 14. gxf4 Nb8 15. Nge2 Nc6 16. Nc1 Re8 {0-1 Heinbuch,D (2355)-Petzold,K BL2-West 9596 1995 [7]}) 11. Nxb5 Bb8 12. Rc1 O-O 13. Nc7 Bxc7 14. Rxc7 h6 15. Bd2 Nb8 16. Rc2 Nc6 17. e3 Bd7 18. Ne2 Rac8 19. Rc1 b6 20. O-O Rfd8 21. h3 h5 22. h4 Kf8 23. Rc3 Ne7 24. Ra1 Rxc3 25. Nxc3 Nc6 26. Nb5 Ne8 27. Bf1 Ke7 28. a4 Ke6 29. Rc1 a6 (29... a5 $11) 30. Na3 {[%emt 0:04:05] White is more active.} (30. Nc3 $1 $14) 30... Ra8 $11 31. b3 Nd6 32. Nb1 b5 (32... a5 $11) 33. axb5 (33. Nc3 $14) 33... axb5 (33... Nxb5 $11 34. Rc5 Rb8) 34. Nc3 $1 $16 Ne7 35. Ne2 Ng6 36. Bb4 Ra2 (36... Ra7 $16 {is a better defense.} 37. g4 Ne8) 37. Nc3 (37. g4 $18) 37... Rb2 38. Bxd6 Kxd6 39. Nxb5+ Bxb5 40. Bxb5 {[%emt 0:00:01][%mdl 4096] Endgame Black must now prevent Rc6+. KRB-KRN} Ne7 {[%emt 0:01:39] Wards off Rc6+} 41. Ba4 (41. Ra1 $16) 41... f6 (41... g6 $14) 42. Rc5 ({Better is} 42. Ra1 $16) 42... Rb1+ $14 43. Kg2 Rb2 44. Kf1 Rb1+ $1 45. Ke2 Rb2+ $1 46. Ke1 g5 47. Ra5 (47. hxg5 $1 $16 fxg5 48. Ra5) 47... gxh4 $11 48. Ra6+ Kc7 {[%emt 0:00:02] ( -> ...h3)} 49. gxh4 (49. Rxf6 $2 h3 50. Rh6 h2 51. Rxh5 Rb1+ 52. Kd2 h1=Q 53. Rxh1 Rxh1 $19) 49... Nf5 50. Be8 Rb1+ (50... Nxh4 $11 {keeps the balance.} 51. Rc6+ (51. Bxh5 Rb1+ 52. Bd1 Nf3+ 53. Ke2 Rb2+ 54. Kf1 Rb1 $11) (51. Rxf6 Nf3+ 52. Kf1 Rxb3 $11) 51... Kd8 52. Bxh5 Ke7) 51. Kd2 $16 {[%emt 0:03:58] Black is now going downhill.} Rb2+ {[%emt 0:00:12] [#]} (51... Rxb3 $16 {might work better.} 52. Rxf6 (52. Bxh5 Rb6 $16) 52... Nxh4) 52. Kc1 $1 $18 Rxf2 (52... Rxb3 53. Rxf6 Nxh4 54. Rc6+ (54. Bxh5 Rb6 $16) 54... Kb8 55. Bxh5 Rb5) 53. Rxf6 Rf1+ {[%emt 0:00:14] [#]} 54. Kb2 $1 (54. Kd2 Nxe3 55. Rc6+ Kd8 $14) 54... Kd8 55. Bg6 Nxe3 56. Rxf1 Nxf1 57. Bxh5 {[%emt 0:00:07] KB-KN} Ng3 58. Bg4 e3 59. Kc2 Ne4 60. Bf3 Nd6 61. Kd3 (61. Bxd5 Nb5 $16) 61... Nf5 62. h5 ({Worse is} 62. Bxd5 Nxd4 63. h5 (63. Kxd4 $2 e2 $19) 63... e2 $11) 62... Ke7 63. b4 {[%emt 0:00:22][%cal Bb3b4,Bb4b5,Bb5b6][%mdl 32] Intending b5 and mate.} ({Not} 63. Bxd5 Nxd4 64. h6 (64. Kxd4 $2 {too greedy.} e2 $19) 64... e2 $11) 63... Kd6 64. b5 {[%emt 0:00:41] White mates.} Kc7 65. Bg4 Nh6 66. Be6 Kd6 {[%emt 0:00:58] [#]} 67. b6 $1 {[%emt 0:00:14] Weighted Error Value: White=0.13 (very precise) /Black=0.36} 1-0

[Event "Israeli Team-ch 2023"]
[Site "Petah Tikva"]
[Date "2023.01.20"]
[Round "3.30"]
[White "Guz, Ari"]
[Black "Karp, Ilya"]
[Result "1-0"]
[ECO "D00"]
[WhiteElo "2306"]
[BlackElo "2392"]
[Annotator "TA"]
[PlyCount "62"]
[EventDate "2023.01.13"]
[EventCountry "ISR"]
[SourceTitle "playchess.com"]
[Source "ChessBase"]
[SourceQuality "1"]
[TimeControl "40/5400+30:1800+30"]

1. d4 Nf6 2. Nc3 d5 3. Bf4 g6 4. Nb5 Na6 5. e3 Bg7 6. Nf3 {[%emt 0:03:08] D00: 1 d4 d5: Unusual lines.} O-O {[%emt 0:00:07] 6...0-0 scores better than 6...c6.} 7. h3 c6 8. Nc3 {[%emt 0:00:09] The position is equal.} Nc7 9. Be2 Nce8 10. O-O Nd6 11. a4 a5 {[%emt 0:00:19] [#]} 12. b3 $146 ({Predecessor:} 12. Nb1 Nfe4 13. Nbd2 Bf5 14. c4 Nxd2 15. Nxd2 Be6 16. c5 Ne8 17. Qb3 Bc8 18. Qc3 {1-0 Bluebaum,M (2639)-Hansen,E (2606) Speed Chess GP1 blitz 2021 (8)}) 12... Nde4 13. Qe1 Re8 14. Nxe4 dxe4 15. Ne5 Nd5 16. Bh2 Be6 17. Qd2 Qb6 18. Rfc1 Red8 19. Nc4 Qa7 20. c3 Rac8 21. b4 b6 22. bxa5 bxa5 23. Rab1 c5 (23... Bd7 $14) 24. Rb5 $16 Nxc3 {[%emt 0:00:29][%mdl 64] [#] Remove Defender} 25. Qxc3 {[%emt 0:05:38] Hoping for Nb6.} (25. Rxc3 cxd4 26. exd4 (26. Rxa5 $2 dxc3 $19) 26... Bxd4 $17) 25... cxd4 26. exd4 (26. Qxa5 $2 {loses.} Qxa5 27. Rxa5 d3 $19) 26... Bxd4 27. Qxa5 Bxf2+ {[%emt 0:07:08] [#]} 28. Kf1 $1 Bxc4 $2 {[%emt 0:08:21] Black cannot hold the game after this.} (28... Qxa5 $16 29. Rxa5 Bd4) 29. Rxc4 ({Worse is} 29. Bxc4 Qe3 30. Rbb1 Bh4 $17) 29... Qe3 30. Rd5 Re8 (30... Qb6 $18 31. Qxb6 (31. Rxe4 $2 {is the wrong capture.} Rc1+ $19) 31... Bxb6 32. Rxd8+ Rxd8 33. Rxe4 Ra8) 31. Rxc8 Rxc8 {[%emt 0:00:13] Weighted Error Value: White=0.02 (flawless) /Black=0.48} 1-0

[Event "Israeli Team-ch 2023"]
[Site "Petah Tikva"]
[Date "2023.01.20"]
[Round "3.31"]
[White "Dardha, Daniel"]
[Black "Manor, Ilan"]
[Result "1-0"]
[ECO "A37"]
[WhiteElo "2613"]
[BlackElo "2464"]
[Annotator "TA"]
[PlyCount "69"]
[EventDate "2023.01.13"]
[EventCountry "ISR"]
[SourceTitle "playchess.com"]
[Source "ChessBase"]
[SourceQuality "1"]
[TimeControl "40/5400+30:1800+30"]

1. Nf3 g6 2. c4 Bg7 3. Nc3 c5 4. g3 Nc6 5. Bg2 e5 6. a3 a5 7. O-O {[%emt 0:07:27] 7.d3 is more advanced technology.} Nge7 8. Ne1 O-O {[%emt 0:07:11] A37: Symmetrical English vs ...g6: 4 Bg2 Bg7 5 Nf3.} 9. Nc2 d6 10. d3 h6 {[%emt 0:14:50] The position is equal.} 11. Rb1 a4 12. Ne3 Nd4 13. Ned5 Nxd5 14. Bxd5 Bh3 15. Re1 Qd7 {[%emt 0:02:19] [#]} 16. Ne4 $5 $146 {[%emt 0:02:01][%cal Oc1h6][%mdl 8] An interesting novelty.} ({Predecessor:} 16. b4 axb3 17. e3 Nc6 18. Qxb3 Rab8 19. Bd2 Kh7 20. Ne2 Be6 21. Qb5 h5 22. a4 {0-1 Ravi,L (2404)-Miezis,N (2524) Liverpool op 2007 (8)}) 16... Kh8 17. Nd2 f5 18. e3 Nc6 19. b3 Rae8 (19... axb3 $11 {remains equal.} 20. Qxb3 Rab8) 20. bxa4 $16 {[%emt 0:01:57] White leaves nothing to chance now.} e4 21. Bb2 $18 Bxb2 (21... exd3 $142 22. Qb3 Re7 23. Qxd3 Ra8 24. Bxg7+ Rxg7) 22. Rxb2 Qg7 23. Qa1 Re7 24. Rb6 {[%emt 0:03:14] Qxg7+ would be deadly.} Ne5 (24... Qxa1 {is a better defense.} 25. Rxa1 exd3 26. Bxc6 bxc6 27. Rxc6 f4) 25. Rxd6 Nxd3 $2 (25... exd3 26. Qb1 (26. f4 Ng4 $16) 26... Kh7) 26. Rxg6 {[%emt 0:00:44][%cal Rg6h6][%mdl 64] [#] Pin, Double Attack} Qxa1 27. Rxa1 Kh7 28. Rb6 {[%emt 0:00:13] And now Rab1 would win.} Ra8 29. Rxb7 Rxb7 30. Bxb7 Rxa4 {[%emt 0:00:07] [#]} 31. Nxe4 $1 Rxc4 (31... Kg7 32. Nd6) 32. Ba6 {[%emt 0:00:24] White is clearly winning.} Rxe4 33. Bxd3 Ra4 34. Bb5 Ra5 35. a4 {[%emt 0:00:12] Weighted Error Value: White=0.18 (very precise) /Black=0.37} 1-0

[Event "Israeli Team-ch 2023"]
[Site "Petah Tikva"]
[Date "2023.01.20"]
[Round "3.32"]
[White "Bernadskiy, Vitaliy"]
[Black "Gorodetzky, David"]
[Result "1-0"]
[ECO "C78"]
[WhiteElo "2609"]
[BlackElo "2492"]
[Annotator "TA"]
[PlyCount "79"]
[EventDate "2023.01.13"]
[EventCountry "ISR"]
[SourceTitle "playchess.com"]
[Source "ChessBase"]
[SourceQuality "1"]
[TimeControl "40/5400+30:1800+30"]

1. e4 e5 2. Nf3 Nc6 3. Bb5 a6 4. Ba4 Nf6 5. O-O Bc5 6. c3 O-O 7. d4 Ba7 8. dxe5 {[%emt 0:00:08] C78: Ruy Lopez: Archangelsk and Möller Defences.} Nxe4 9. Bc2 d5 10. exd6 {[%emt 0:00:07] The position is equal.} Nxd6 (10... Bf5 {feels hotter.} 11. d7 Qe7 12. Bf4 Rad8) 11. Bg5 (11. Qd3 Bf5 12. Qd1 Qf6 $15) 11... f6 12. Bf4 Be6 {[%emt 0:17:07] [#] Inhibits Qd5.} 13. Re1 $146 ({Predecessor:} 13. Qd3 Bf5 14. Qd5+ Kh8 15. Bxf5 Ne7 16. Qd3 Ndxf5 17. Qxd8 Rfxd8 18. Bxc7 Rd7 19. Bg3 {½-½ Narva,M (2276)-Ehlvest,J (2517) Eesti Masters rapid 2021 (1)}) 13... Bf7 14. Na3 Qd7 15. Qb1 g6 16. Bb3 Rad8 17. Qc2 Rfe8 18. Rxe8+ Rxe8 19. Rd1 Kg7 20. Kf1 Ne5 21. Nxe5 fxe5 22. Bg3 Qf5 23. Bxf7 Qxf7 24. Qb3 Re6 {[%emt 0:01:27][%cal Oa7f2] [#] Hoping for ...Bxf2!} 25. Re1 e4 26. Nc2 Nf5 {[%emt 0:06:47] ( -> ...Nxg3+)} 27. Bf4 b5 (27... g5 $5 28. Be3 (28. Bxg5 $2 {is a self mate.} Ng3+ 29. hxg3 Qxf2#) (28. Qxb7 Bxf2 {[%mdl 64] Remove Defender} 29. Kxf2 gxf4 $15) 28... Nxe3+ 29. Nxe3 Rd6 $11) 28. Qd5 c6 $1 29. Qd2 e3 30. Nxe3 Nxe3+ 31. Bxe3 Rxe3 32. Rxe3 Bxe3 33. Qxe3 Qxa2 $11 {[%emt 0:00:17][%mdl 4096] Endgame KQ-KQ} 34. b4 Qb1+ 35. Ke2 Qc2+ 36. Kf3 Qf5+ 37. Kg3 Qc2 (37... Kf6 $11 {keeps the balance.}) 38. h4 (38. Qe7+ $142 Kg8 39. Qe8+ Kg7 40. Qd7+ (40. Qxc6 Qf5 $16) 40... Kf8 41. Qxc6 (41. Qxh7 Qxc3+ 42. f3 Qe1+ 43. Kh3 Qxb4 $11)) 38... h5 ({Better is} 38... Qf5) 39. Qe5+ $16 Kh6 $2 {[%emt 0:00:30][%mdl 8192] [#]} (39... Kg8 $16) 40. Qh8# {[%emt 0:01:17] Weighted Error Value: White=0.05 (flawless) /Black=0.33} 1-0

[Event "Israeli Team-ch 2023"]
[Site "Petah Tikva"]
[Date "2023.01.20"]
[Round "3.33"]
[White "Levin, Guy"]
[Black "Aizenberg, Benny"]
[Result "1/2-1/2"]
[ECO "A37"]
[WhiteElo "2391"]
[BlackElo "2348"]
[Annotator "TA"]
[PlyCount "62"]
[EventDate "2023.01.13"]
[EventCountry "ISR"]
[SourceTitle "playchess.com"]
[Source "ChessBase"]
[SourceQuality "1"]
[TimeControl "40/5400+30:1800+30"]

1. c4 g6 2. Nf3 Bg7 3. g3 c5 4. Bg2 Nc6 5. Nc3 e5 6. d3 Nge7 7. h4 h6 {[%emt 0:02:53] A37: Symmetrical English vs ...g6: 4 Bg2 Bg7 5 Nf3.} 8. h5 {[%emt 0:00:11] is now debated instead of 8.Bd2.} g5 $1 9. Nxg5 hxg5 10. Bxg5 {[%emt 0:00:02] Hoping for h6.} f6 11. h6 fxg5 12. hxg7 Rxh1+ 13. Bxh1 Kf7 14. e3 Kxg7 15. Qh5 {[%emt 0:00:03][%cal Oh1e4] Be4! would be deadly.} d6 16. Be4 Qh8 17. Qxg5+ Kf7 {[%emt 0:00:02] [#]} 18. Nb5 $146 (18. Bf3 $11 {remains equal.}) ({Predecessor:} 18. Kd2 Bh3 19. Bf3 Rg8 20. Bh5+ Kf8 21. Qh4 Bg4 22. Rh1 Qxh5 23. Qxh5 Bxh5 24. Rxh5 {½-½ Nihal,S (2620)-Erigaisi,A (2567) Meltwater Indian Qualfier rapid 2021 (1.3)}) 18... Bh3 {[%emt 0:06:20] White must now prevent ...Rg8.} (18... Qf6 19. Qh5+ Kg8 20. g4 $14 (20. Nc7 Rb8 $14)) 19. Kd2 {[%emt 0:28:40] [#]} (19. Nxd6+ $2 Ke6 20. Nxb7 Rg8 21. Bd5+ (21. Nxc5+ $2 Kd6 $19) 21... Nxd5 22. cxd5+ Kf7 23. Nd6+ Kf8 $19) (19. Bf3 $142 Rg8 20. Qh5+ (20. Nxd6+ $2 Ke6 $19) 20... Ke6 21. Qxh8 (21. Bd5+ Kd7 $17) 21... Rxh8 22. Kd2) 19... Rg8 $1 $17 (19... Rd8 20. Rh1 Rg8 21. Nxd6+ Ke6 22. Qh4 Qxh4 23. gxh4 Kxd6 24. Rxh3 $11) 20. Qh4 (20. Nxd6+ $2 {too greedy.} Ke6 21. Qh4 Qxh4 22. gxh4 Kxd6 $19) 20... Qxh4 21. gxh4 {[%emt 0:00:02] [#]} Ke6 (21... Rd8 $1 $17 {aiming for ...d5.} 22. Rh1 Bf5) 22. Bd5+ $1 $11 Nxd5 23. cxd5+ Kd7 (23... Ke7 $11) 24. dxc6+ $14 Kxc6 {[%emt 0:00:03][%mdl 4096] Endgame KRB-KRN} 25. Nc3 {[%emt 0:02:41] Rh1 is the strong threat.} ({Don't play} 25. Nxa7+ Kb6 26. h5 (26. Rh1 Bf5 $17) 26... Kxa7 $17) 25... Rg2 26. Rh1 Rxf2+ 27. Ke1 Rf3 28. Ke2 {[%emt 0:00:17] The position is equal.} Bg4 {[%emt 0:00:04] Strongly threatening ...Rh3+.} 29. Rg1 Rg3+ 30. Kf2 Rf3+ 31. Ke2 Rg3+ {[%emt 0:00:28] Weighted Error Value: White=0.16 (very precise) /Black=0.10 (very precise)} 1/2-1/2

[Event "Israeli Team-ch 2023"]
[Site "Petah Tikva"]
[Date "2023.01.20"]
[Round "3.34"]
[White "Tzidkiya, Yeshaayahu"]
[Black "Globus, Or"]
[Result "0-1"]
[ECO "C44"]
[WhiteElo "2415"]
[BlackElo "2411"]
[Annotator "TA"]
[PlyCount "80"]
[EventDate "2023.01.13"]
[EventCountry "ISR"]
[SourceTitle "playchess.com"]
[Source "ChessBase"]
[SourceQuality "1"]
[TimeControl "40/5400+30:1800+30"]

1. e4 e5 2. Nf3 Nc6 3. g3 Nf6 4. d3 d5 5. exd5 Nxd5 6. Bg2 Bg4 {[%emt 0:00:51] 6...Bd6 is a critical line. C44: Ponziani Opening and Scotch Gambit.} 7. h3 Bh5 (7... Bb4+ $2 8. c3 Bf5 9. Nh4 $18 (9. cxb4 Ndxb4 10. O-O Bxd3 $16)) 8. O-O Bc5 {[%emt 0:07:08] The position is equal.} 9. Nc3 O-O 10. g4 Nxc3 11. bxc3 Bg6 12. Rb1 Bb6 13. Ng5 Qd7 {[%emt 0:12:24] [#]} 14. Be3 $146 ({Predecessor:} 14. h4 f5 15. h5 Be8 16. gxf5 h6 17. Ne4 Qxf5 18. Be3 Bxh5 19. Qd2 Bf3 20. Ng3 {1-0 Narayanan,S (2618)-Bai,J (2618) RBI op Qualifier 2 blitz 2020 (7)}) 14... Rae8 15. Qf3 h6 16. Ne4 f5 17. gxf5 Bxf5 18. Qh5 Nd8 19. Ng3 Bh7 20. Kh2 (20. Qg4 {with more complications.} Qd6 21. Ne4 Qe6 22. c4) 20... Ne6 21. Qg4 (21. Qxe5 $5 Nf4 22. Qb5 Qxb5 23. Rxb5 $11) 21... c6 22. Bxh6 Bxf2 ({Resist} 22... Rxf2 23. Ne4 Rxf1 24. Rxf1 $16) 23. Ne4 (23. Bf3 $11 Bxg3+ 24. Qxg3) 23... Bf5 $17 {[%emt 0:00:32] Some like it hot} 24. Qh5 {[%emt 0:00:00] [#]} Bxe4 $1 25. Bxe4 gxh6 26. Rg1+ $2 Bxg1+ $19 27. Rxg1+ Ng7 28. Qxh6 {[%emt 0:01:21] [#] Threatening mate with Bh7+.} Rf2+ 29. Kh1 Rf7 (29... Rxc2 $2 30. Bh7+ Kf8 31. Rf1+ $18) 30. Bg6 ({Reject} 30. Qh7+ Kf8 31. Qh6 Qe6 $19) 30... Qd5+ 31. Rg2 {Threatens to win with Kg1.} Rf1+ 32. Kh2 {[%emt 0:01:30][%mdl 1024] Bh7+ would kill now. White has strong compensation.} Re7 33. c4 (33. d4 $142 exd4 34. Qh7+ Kf8 35. Qh8+ Qg8 36. Qh4) 33... Qe6 {[%emt 0:01:01] Black is clearly winning.} 34. Bh7+ Kf8 35. Bg6 Rd7 {[%emt 0:03:04] aiming for ...Qf6.} 36. Qh8+ Qg8 37. Qh4 Rf4 38. Qg5 Qe6 39. Qh6 Qf6 40. Qh8+ Ke7 {[%emt 0:01:41] Weighted Error Value: White=0.37/Black=0.13 (very precise)} 0-1

[Event "Israeli Team-ch 2023"]
[Site "Petah Tikva"]
[Date "2023.01.20"]
[Round "3.35"]
[White "Iliaguev, Nisim"]
[Black "Solomon, Asif"]
[Result "1-0"]
[ECO "A08"]
[WhiteElo "2390"]
[BlackElo "2272"]
[Annotator "TA"]
[PlyCount "79"]
[EventDate "2023.01.13"]
[EventCountry "ISR"]
[SourceTitle "playchess.com"]
[Source "ChessBase"]
[SourceQuality "1"]
[TimeControl "40/5400+30:1800+30"]

1. Nf3 d5 2. g3 c5 3. c4 d4 4. Bg2 Nc6 5. O-O g6 6. d3 Bg7 7. a3 {[%emt 0:00:27] A08: King's Indian Attack.} a5 8. Qc2 Nf6 9. e3 {[%emt 0:01:07] The position is equal.} O-O 10. exd4 cxd4 11. Re1 {[%emt 0:01:11] [#]} Qc7 $146 ({Predecessor:} 11... Re8 12. Bg5 Nd7 13. Bc1 {½-½ Golda,H (2301)-Braeutigam,T (2045) Unterfranken-ch M1 62th 2011 (9)}) 12. Bf4 Qb6 13. Ne5 Nh5 (13... Nd8 $11) 14. Nxc6 $14 bxc6 15. Bg5 (15. Rxe7 Nxf4 16. gxf4 Bf5 $17) 15... e5 16. Be7 $1 Re8 17. Bd6 Bf5 18. Nd2 Qa6 19. Nf3 f6 20. Nd2 Bf8 21. Bxf8 Rxf8 22. Ne4 Ng7 23. h4 ({White should play} 23. b3 $16) 23... Bxe4 24. Bxe4 f5 (24... a4 $11) 25. Bg2 Rae8 {[%emt 0:02:00] [#]} 26. b4 ({White should try} 26. Qa4 $1 $16 ) 26... f4 (26... Qc8 $1 $11) 27. Qa4 (27. b5 $14 cxb5 28. cxb5) 27... f3 $2 (27... fxg3 $11 {and Black has nothing to worry.} 28. fxg3 (28. Qxc6 $2 gxf2+ 29. Kh1 fxe1=Q+ $19) 28... Qc8) 28. Bh3 $18 {[%emt 0:01:30] Threatens to win with Bd7.} (28. Qxa5 $2 Qxa5 29. bxa5 fxg2 $19) 28... Nh5 {[%emt 0:00:00] [#]} (28... Nf5 $16) 29. Kh2 $1 (29. Qxa5 Qxa5 30. bxa5 Nxg3 $15) (29. bxa5 Nxg3 30. Bd7 Ne2+ 31. Rxe2 fxe2 32. Bxe8 Rxe8 $17) 29... e4 30. dxe4 {[%emt 0:01:58] aiming for Bd7.} (30. bxa5 e3 $11) 30... d3 (30... Qxc4 $142 31. Rac1 Qd3) 31. Qb3 (31. bxa5 $6 Qa7 32. c5 (32. Qxc6 $2 Qxf2+ 33. Kh1 Nxg3#) 32... Qxc5 $16) (31. Qxa5 Qxc4 32. Qc5 Qxc5 33. bxc5 Nf6 $14) 31... d2 32. Red1 ({Less strong is} 32. c5+ Rf7 $16) 32... Rxe4 33. Rxd2 axb4 $2 (33... a4 34. Qc3 c5) 34. c5+ Kg7 35. Qb2+ (35. axb4 $2 {is the wrong capture.} Qxa1 36. Rd7+ Kh6 $19) 35... Kg8 $2 (35... Nf6 36. axb4 {[%mdl 64] Discovered Attack} Qc4) 36. axb4 Qc4 37. Rc1 (37. Ra7 $142 {Intending Rdd7 and mate.} Re2 38. Bf1 {[%mdl 64] Skewer}) 37... Qb5 (37... Qf7 $142 38. Rd6 Rfe8) 38. Rc3 Rfe8 39. Rxf3 Rxb4 {[%emt 0:00:16] [#]} 40. Be6+ $1 {[%emt 0:00:12][%mdl 576] Back Rank.   Weighted Error Value: White=0.33/Black=0.71} 1-0

[Event "Israeli Team-ch 2023"]
[Site "Petah Tikva"]
[Date "2023.01.20"]
[Round "3.36"]
[White "Deutsch, Eyal"]
[Black "Kochavi, Ori"]
[Result "1-0"]
[ECO "A46"]
[WhiteElo "2297"]
[BlackElo "2396"]
[Annotator "TA"]
[PlyCount "125"]
[EventDate "2023.01.13"]
[EventCountry "ISR"]
[SourceTitle "playchess.com"]
[Source "ChessBase"]
[SourceQuality "1"]
[TimeControl "40/5400+30:1800+30"]

1. d4 Nf6 2. Nf3 e6 3. Bg5 h6 4. Bh4 c5 5. c3 Qb6 6. Qb3 {[%emt 0:01:17] A46: 1 d4 Nf6 2 Nf3 e6: Torre, London and Colle Systems.} Nc6 7. Bxf6 gxf6 8. e3 {[%emt 0:00:12] [#] The position is equal.} d5 $146 ({Predecessor:} 8... Qc7 9. Nbd2 d5 10. g3 b6 11. Be2 Bb7 12. O-O h5 13. Nh4 Be7 14. f4 f5 {1-0 Shvyrjov,I (2389)-Krupenski,J (2413) Viljandi Raud Olympic 51st rapid 2017 (4.1)}) 9. Nbd2 cxd4 10. exd4 Rg8 11. g3 Bd6 12. O-O-O Bd7 13. Qxb6 axb6 14. a3 Ke7 15. Bd3 Rgc8 16. Rhe1 Kf8 17. Bc2 b5 18. Nb3 b6 19. Kd2 Na5 20. Ke2 (20. Nxa5 $11 {remains equal.} bxa5 21. Ra1) 20... Nc4 $17 21. Rb1 {[%emt 0:00:22] [#]} Bxa3 $1 22. bxa3 Nxa3 23. Rb2 Rxc3 (23... Nc4 $1 $17 24. Rbb1 Ra2) 24. Ra1 $11 b4 {[%emt 0:00:00] Hoping for ...Bb5+.} 25. Bd1 $1 ({Of course not} 25. Bd3 e5 26. dxe5 fxe5 $17) 25... Bb5+ 26. Ke1 e5 27. dxe5 fxe5 28. Nfd2 Rac8 (28... Bd3 $5) 29. Nb1 Nc2+ 30. Bxc2 Rxc2 31. Rxc2 Rxc2 32. N1d2 Rc3 33. Nc1 Bd7 34. Ne2 (34. Ra8+ $11 Ke7 35. Na2) 34... Ra3 $15 35. Rxa3 bxa3 36. Nc1 Bf5 {[%emt 0:00:24][%mdl 1024] Prevents Nb1. Black has strong compensation.} 37. Ndb3 (37. f4 $17 {was worth a try.}) 37... Bb1 (37... d4 $19 {Strongly threatening ...Ke7.} 38. Kd2 Ke7) 38. Kd2 (38. Nd2 $15 a2 39. Ncb3) 38... d4 $1 $19 39. Nd3 $1 f6 40. Nb4 $1 Bf5 41. Kc1 (41. Na1 $11) 41... Kf7 (41... Ke7 $15) 42. Na1 (42. Nd2 $11) 42... Be6 (42... Ke6 $17 43. f3 Kd6) 43. Nac2 $11 a2 44. Kb2 {[%emt 0:00:00] Inhibits Bb3.} Kg6 45. Nxa2 Kg5 46. f3 Bd5 47. Ne1 e4 48. Nb4 Bb7 49. Kc1 exf3 {[%emt 0:00:00] ...f2 would be deadly.} 50. Ned3 h5 51. Nf2 f5 $2 {[%emt 0:00:00][%mdl 8192] [#]} (51... Kf5 $1 $11 {and Black stays safe.}) 52. h4+ $1 $18 Kf6 {[%emt 0:00:00] [#]} 53. Nbd3 $1 Bc6 54. Kd2 b5 (54... Be8 $142 55. Nh3 b5) 55. Nf4 b4 (55... Be8 {might work better.} 56. N2d3 Ke7) 56. Nxh5+ Kf7 57. Nf4 Bb5 58. N4h3 {[%emt 0:00:00] Black must now prevent Ng5+.} Kf6 59. Ng5 ({Weaker is} 59. Nd3 Bxd3 60. Kxd3 b3 $11) 59... Bc6 60. Kc2 Bd5 61. Ngh3 Be4+ $2 (61... b3+ 62. Kd2 Bc4) 62. Kb3 Ke5 63. Kxb4 {[%emt 0:00:00] White used his chance.   Weighted Error Value: White=0.22 (precise) /Black=0.32} 1-0

[Event "Israeli Team-ch 2023"]
[Site "Petah Tikva"]
[Date "2023.02.03"]
[Round "5.1"]
[White "Boruchovsky, Avital"]
[Black "Abergel, Thal"]
[Result "1/2-1/2"]
[ECO "A40"]
[WhiteElo "2553"]
[BlackElo "2392"]
[Annotator "TA"]
[PlyCount "45"]
[EventDate "2023.01.13"]
[EventCountry "ISR"]
[SourceTitle "playchess.com"]
[Source "ChessBase"]
[SourceQuality "1"]
[TimeControl "40/5400+30:1800+30"]

1. Nf3 c5 2. g3 g6 3. Bg2 Bg7 4. d4 cxd4 5. Nxd4 d5 6. O-O {[%emt 0:00:00][%cal Oc2c4] A40: Unusual replies to 1 d4.} Nc6 7. Nxc6 bxc6 8. e4 {[%emt 0:00:00][%cal Re4d5] The position is equal.} Be6 9. Nc3 Nf6 {[%emt 0:04:06] [#]} 10. exd5 $146 ({Predecessor:} 10. h3 Qd7 11. Kh2 Rb8 12. f4 O-O 13. e5 Ne8 14. Na4 f6 15. Nc5 Qc8 16. Qd4 {1-0 Tsokopoulos,G (1894)-Kountardas,P (1772) Attica-ch U16 2008 (4)}) 10... cxd5 11. Be3 O-O 12. Bd4 Rb8 13. Rb1 Qa5 14. a3 Rfd8 15. h3 Ne8 16. Ne2 Bc8 17. Bxg7 Nxg7 18. Nf4 d4 19. Nd3 Qc7 20. Re1 Bb7 21. Qe2 Bxg2 22. Kxg2 Nf5 23. Rbc1 {[%emt 0:00:00] A rather calm draw.   Weighted Error Value: White=0.10 (very precise) /Black=0.09 (flawless)} 1/2-1/2